 Dungeon Crawl Stone Soup version 0.23-a0-642-g3120c2f (webtiles) character file.

168 GroovyGamera the Skirmisher (level 5, -4/34 HPs)
             Began as a Gargoyle Fighter on Dec 30, 2018.
             Killed by divine providence
             ... invoked by an orc priest
              (9 damage)
             ... on level 2 of the Dungeon.
             The game lasted 00:01:26 (729 turns).

GroovyGamera the Skirmisher (Gargoyle Fighter)       Turns: 729, Time: 00:01:27

Health: -4/34      AC: 11    Str: 25    XL:     5   Next: 49%
Magic:  5/5        EV:  7    Int:  9    God:
Gold:   18         SH: 10    Dex:  9    Spells: 4/4 levels left

rFire    . . .     SeeInvis .   a - +0 war axe
rCold    . . .     Gourm    .   c - +0 shield
rNeg     + . .     Faith    .   b - +0 scale mail
rPois    ∞         Spirit   .   (no helmet)
rElec    +         Reflect  .   (no cloak)
rCorr    .         Harm     .   (no gloves)
MR       .....                  (no boots)
Stlth    ..........             (no amulet)
HPRegen  0.11/turn              (no ring)
MPRegen  0.09/turn              (no ring)

@: mighty
A: negative energy resistance 1, electricity resistance, unbreathing,
petrification resistance, rot immunity, AC +4
a: no special abilities


You were on level 2 of the Dungeon.
You were not hungry.

You visited 1 branch of the dungeon, and saw 2 of its levels.

You collected 18 gold pieces.

Inventory:

Hand Weapons
 a - a +0 war axe (weapon)
Missiles
 h - 17 bolts
Armour
 b - a +0 scale mail (worn)
 c - a +0 shield (worn)
Scrolls
 e - a scroll of remove curse {unknown}
Potions
 d - a potion of might
 i - a potion of degeneration {unknown}
Comestibles
 f - 4 rations
 g - 3 chunks of flesh


   Skills:
 + Level 4.7 Fighting
 - Level 1.7 Axes
 + Level 4.6 Armour
 + Level 4.6 Shields


You had 4 spell levels left.
You didn't know any spells.
Your spell library was empty.

Dungeon Overview and Level Annotations

Branches:
Dungeon (2/15)

Altars:


Innate Abilities, Weirdness & Mutations

You are resistant to torment.
Your stone body is resilient. (AC +4)
You are immune to poison.
You resist negative energy. (rN+)
You are resistant to electric shocks. (rElec)
You can survive without breathing.
You are immune to petrification.
You are immune to rotting.


Message History

Items here: )) [ † a +0 short sword; a +0 scythe; a +0 robe; the human corpse of Sigmund The bat hits you but does no damage.
You block the bat's attack.
You see here 11 sling bullets.
You barely miss the bat.
The bat is moderately wounded.
The bat hits you but does no damage. You block the bat's attack.
The bat closely misses you.
You slash the bat!
You kill the bat!
An orc comes into view.
The orc wizard casts a spell at you. The puff of frost hits you!
* * * LOW HITPOINT WARNING * * *
You see here a bat corpse.
You see here a stone.
You see here a stone.
The orc priest calls down the wrath of Beogh upon you.
Beogh smites you!
You die...

..........####...########
#o......# #...## #.....#
#...# #...# #...# #o#
##.## #o# #.# # #†######
#.# ####.##o##...###.#
........o.o.((@(.#
#.###........#####
#....##### #.#.## #.###
#. #.


You could see an orc priest, an orc wizard and an orc.

Vanquished Creatures
  Sigmund (D:2)
  2 worms (D:2)
  A dart slug (D:1)
  A leopard gecko (D:1)
  A ball python (D:1)
  2 bats
  A goblin (D:2)
  4 hobgoblins (D:1)
  4 kobolds
  A quokka (D:2)
  A frilled lizard (D:1)
  2 rats (D:1)
21 creatures vanquished.

Notes
Turn   | Place    | Note
-------+----------+-------------------------------------------
     0 | D:1      | GroovyGamera the Gargoyle Fighter began the quest for the
                  | Orb.
     0 | D:1      | Reached XP level 1. HP: 14/14 MP: 1/1
   144 | D:1      | Reached XP level 2. HP: 19/19 MP: 2/2
   498 | D:2      | Reached XP level 3. HP: 22/24 MP: 3/3
   694 | D:2      | Noticed Sigmund
   714 | D:2      | Killed Sigmund
   714 | D:2      | Reached XP level 4. HP: 8/30 MP: 4/4
   714 | D:2      | Reached XP level 5. HP: 9/34 MP: 5/5
   729 | D:2      | Killed from afar by an orc priest

Vault maps used:
D:1:      minmay_arrival_shattered_statue, bh_walls_and_bars
D:2:      cheibrodos_gnoll_hut, uniq_sigmund

Skill      XL: |  1  2  3 |
---------------+----------+-----
Fighting       | 4 |  4.7
Armour         | 4 |  4.6
Shields        | 4 |  4.6
Axes           | |  1.7

Action                   |  1- 3 |  4- 6 || total
-------------------------+-------+-------++-------
Melee: War axe           |    88 |     4 ||    92
  Use: Potion            |     1 |       ||     1
Armor: Scale mail        |    48 |     5 ||    53
Dodge: Dodged            |    38 |     2 ||    40
Block: Shield            |    54 |     5 ||    59

Table legend:
 A = Non-vault XP
 B = Vault XP
 C = Vault XP percentage of total XP
 D = Non-vault monster count
 E = Vault monster count
 F = Vault count percentage of total count
                 A         B        C        D         E       F
            +---------+---------+-------+---------+---------+-------
      Total |      44 |     197 |  81.7 |      20 |       1 |   4.8
            +---------+---------+-------+---------+---------+-------
        D:1 |      24 |       0 |   0.0 |      12 |       0 |   0.0
        D:2 |      20 |     197 |  90.8 |       8 |       1 |  11.1
            +---------+---------+-------+---------+---------+-------
